 Dungeon Crawl Stone Soup version 0.24.0-37-gcf1ca852f1 (webtiles) character file.

Game seed: 10271534324446020571, levelgen mode: deterministic

710 Emblim88 the Shooter (level 7, -1/60 HPs)
             Began as a Centaur Hunter on Nov 22, 2019.
             Was an Initiate of Ru.
             Slain by a worker ant (3 damage)
             ... on level 4 of the Dungeon.
             The game lasted 00:08:55 (4163 turns).

Emblim88 the Shooter (Centaur Hunter)               Turns: 4163, Time: 00:08:56

Health: -1/60      AC: 15    Str: 16    XL:     7   Next: 40%
Magic:  7/7        EV:  0    Int: 10    God:    Ru [......]
Gold:   216        SH: 13    Dex: 10    Spells: 4/6 levels left

rFire    . . .     SeeInvis .   r - +2 flail (protect)
rCold    . . .     Gourm    .   l - +0 large shield
rNeg     . . .     Faith    .   s - +0 chain mail
rPois    .         Spirit   .   g - +0 helmet
rElec    .         Reflect  +   (no cloak)
rCorr    .         Harm     .   (no gloves)
MR       .....                  (no barding)
Stlth    ..........             h - +3 amulet of reflection
HPRegen  0.20/turn              (no ring)
MPRegen  0.10/turn              (no ring)

@: lethally poisoned (-1 -> -9), protection aura, very slightly contaminated,
very quick
A: large, hooves 3, deformed body, speed 2, tough skin 3
a: Renounce Religion


You were on level 4 of the Dungeon.
You worshipped Ru.
Ru was noncommittal.
You were not hungry.

You visited 2 branches of the dungeon, and saw 5 of its levels.

You collected 216 gold pieces.

Inventory:

Hand Weapons
 a - a +1 shortbow
 k - a +2 short sword of protection
 q - a +1 hand axe of electrocution
 r - a +2 flail of protection (weapon)
Missiles
 d - 16 arrows
Armour
 g - a +0 helmet (worn)
 l - a +0 large shield (worn)
 s - a +0 chain mail (worn)
Jewellery
 b - a cursed ring of attention {unknown}
 h - a +3 amulet of reflection (around neck)
 t - a cursed amulet of inaccuracy {unknown}
Scrolls
 c - a scroll of blinking {unknown}
 e - 2 scrolls of magic mapping {unknown}
 i - 2 scrolls of teleportation {unknown}
 j - 6 scrolls of identify {unknown}
 m - 2 scrolls of remove curse {unknown}
 n - a scroll of fear {unknown}
Comestibles
 f - 3 rations


   Skills:
 + Level 4.4 Fighting
 + Level 7.4 Bows
 + Level 1.8 Armour
 + Level 3.3 Dodging
 - Level 0.4 Stealth
 + Level 1.6 Charms
 + Level 1.6 Air Magic


You had 4 spell levels left.
You knew the following spells:

 Your Spells              Type           Power        Failure   Level  Hunger
a - Swiftness             Chrm/Air       #.......     100%        2    ###....

Your spell library contained the following spells:

 Spells                   Type           Power        Failure   Level  Hunger
 Shock                    Conj/Air       #...         100%        1    ##.....
 Static Discharge         Conj/Air       #.......     100%        3    ####...
 Airstrike                Air            #.........   100%        4    #####..
 Lightning Bolt           Conj/Air       #.........   100%        5    ######.


Dungeon Overview and Level Annotations

Branches:
Dungeon (5/15)             Temple (1/1) D:5

Altars:
Ashenzari
Cheibriados
Dithmenos
Elyvilon
Fedhas
Gozag
Hepliaklqana
Kikubaaqudgha
Makhleb
Okawaru
Qazlal
Ru
Sif Muna
Trog
Uskayaw
Vehumet
Wu Jian
Xom
Yredelemnul
Zin
The Shining One


Innate Abilities, Weirdness & Mutations

You have hooves in place of feet.
Armour fits poorly on your strangely shaped body.
You cover ground very quickly.
You have extremely tough skin. (AC +3)


Message History

You hit the worker ant but do no damage.
The worker ant bites you.
* * * LOW HITPOINT WARNING * * *
You are poisoned.
The worker ant poisons you! The worker ant bites you.
* * * LOW HITPOINT WARNING * * *
You are lethally poisoned!
The worker ant poisons you!
You hit the worker ant but do no damage.
You flicker back into view.
* * * LOW HITPOINT WARNING * * *
You feel sick.
The worker ant bites you but does no damage.
The worker ant bites you.
* * * LOW HITPOINT WARNING * * *
You sock the worker ant! Your kick misses the worker ant.
The worker ant is heavily wounded.
* * * LOW HITPOINT WARNING * * *
You feel sick. The worker ant bites you.
You die...

.##.##.....#.#..........##[#
####
.##.##.....#.#..........##.#
.##..'.......#..........##.#
.#####.....###.........###.#
.# ##+##.#
#.........###'####
#.....###..)......#......###
#.........#'#######.........
.........#a# #.........
####.....#@# #.........
#....##)# #.........
#....#... #.........
#....#.... #.........
#Y...#..... ######....
#...g....... ###....
.##.......... #...... YY
#........... #......


YZ. #..... #....## You could see a worker ant.

Vanquished Creatures
  An ice beast (D:5)
  A scorpion (D:4)
  2 crimson imps (D:5)
  A centaur skeleton (D:5)
  An orc priest (D:5)
  A hound (D:5)
  6 orc wizards
  5 worker ants
  A howler monkey zombie (D:5)
  A worker ant zombie (D:4)
  3 gnolls (D:4)
  2 adders (D:5)
  An ooze (D:5)
  A worm (D:2)
  3 leopard geckos
  13 orcs
  A ball python (D:1)
  2 giant cockroaches
  4 goblins (D:1)
  2 hobgoblins
  4 jackals (D:1)
  A quokka (D:5)
  2 bats (D:1)
  2 frilled lizards
  3 kobolds (D:1)
  6 rats (D:1)
70 creatures vanquished.

Notes
Turn   | Place    | Note
-------+----------+-------------------------------------------
     0 | D:1      | Emblim88 the Centaur Hunter began the quest for the Orb.
     0 | D:1      | Reached XP level 1. HP: 17/17 MP: 1/1
    47 | D:1      | Reached XP level 2. HP: 22/24 MP: 2/2
   320 | D:1      | Reached XP level 3. HP: 25/30 MP: 3/3
   509 | D:2      | You fall into a shaft and drop 2 floors!
   828 | D:4      | Reached skill level 6 in Bows
   831 | D:4      | Reached XP level 4. HP: 21/38 MP: 4/4
  1498 | D:4      | Noticed a yak
  1499 | D:4      | Noticed a yak
  1499 | D:4      | Noticed a yak
  1499 | D:4      | Noticed a yak
  1500 | D:4      | Noticed a yak
  1545 | D:5      | Entered Level 5 of the Dungeon
  1555 | D:5      | Reached XP level 5. HP: 44/45 MP: 5/5
  1629 | D:5      | Noticed an ice beast
  1637 | D:5      | Killed an ice beast
  2236 | D:5      | Learned a level 2 spell: Swiftness
  2255 | D:5      | Reached skill level 1 in Armour
  2334 | D:5      | Reached XP level 6. HP: 52/52 MP: 6/6
  2387 | D:5      | Reached skill level 7 in Bows
  2717 | D:5      | Found a staircase to the Ecumenical Temple.
  2736 | Temple   | Entered the Ecumenical Temple
  3213 | Temple   | Became a worshipper of Ru the Awakened
  3286 | D:5      | Reached skill level 1 in Charms
  3286 | D:5      | Reached skill level 1 in Air Magic
  3299 | D:5      | Reached XP level 7. HP: 46/59 MP: 7/7
  4162 | D:4      | HP: 3/60 [worker ant (4)]
  4163 | D:4      | Slain by a worker ant

Levels and vault maps discovered:
D:1:      beargit_arrival_greenhouse, layout_rooms
D:2:      layout_loops_corners
D:4:      layout_basic, first_ration
D:5:      layout_gridville, minmay_temple_entry_large_hall
Temple:   minmay_crystal_snake_temple

Skill      XL: |  1  2  3  4  5  6 |
---------------+-------------------+-----
Dodging        | 2 3 |  3.3
Fighting       | 3 4 |  4.4
Bows           | 6 7 |  7.4
Armour         | 1 |  1.8
Charms         | 1 |  1.6
Air Magic      | 1 |  1.6
Stealth        | |  0.4

Action                   |  1- 3 |  4- 6 |  7- 9 || total
-------------------------+-------+-------+-------++-------
Melee: Short sword       |    65 |    21 |       ||    86
       Kick              |    12 |    36 |    17 ||    65
       Flail             |       |   100 |    83 ||   183
 Fire: Shortbow          |    30 |       |       ||    30
  Use: Potion            |       |     3 |     2 ||     5
 Stab: Invisible         |       |       |     1 ||     1
  Eat: Ration            |       |     2 |     1 ||     3
Armor: Leather armour    |    28 |       |       ||    28
       Ring mail         |     5 |    13 |       ||    18
       Chain mail        |       |    87 |    53 ||   140
Dodge: Dodged            |    16 |     2 |     2 ||    20
Block: Large shield      |    41 |    94 |    59 ||   194
       Reflection        |       |     5 |       ||     5
